 Dungeon Crawl Stone Soup version 0.14.1-19-g9964f44 (webtiles) character file.

109916 Konstantin the Thaumaturge (level 16, -23/85 HPs)
             Began as a Vine Stalker Enchanter on June 3, 2014.
             Was a High Priest of Nemelex Xobeh.
             Annihilated by a shambling mangrove (35 damage)
             ... on Level 3 of the Swamp on June 6, 2014.
             The game lasted 11:53:48 (31206 turns).

Konstantin the Thaumaturge (VSEn)                  Turns: 31206, Time: 11:53:48

HP -23/85        AC  8     Str 18      XL: 16   Next: 50%
MP   0/48        EV 15     Int 18      God: Nemelex Xobeh [*****.]
Gold 1099        SH  0     Dex 26      Spells: 12 memorised,  2 levels left

rFire  x . .     SeeInvis .     a - +3 dagger (drain)
rCold  + . .     Clarity  .     F - +0 robe "Groateawy" {Str+2 Dex+3 Acc+5}
rNeg   . . .     Conserve .     (no shield)
rPois  .         rCorr    .     h - +1 hat
rElec  .         rRot     +     v - +0 cloak
SustAb . .       Spirit   +     t - +0 pair of gloves {Dex+3}
rMut   .         Warding  .     y - +2 pair of boots
Saprov . . .     Stasis   .     X - amulet of faith
MR     ++...                    e - ring of magical power
                                u - ring of ice

@: grasped by roots, very slow, very resistant to hostile enchantments,
extremely stealthy
A: antennae 1, claws 1, fangs 3, agile 1, high mp 1, regeneration 3, strong 2,
wild magic 1, magic shield, antimagic bite, no device heal
a: Draw One, Peek at Two, Triple Draw, Deal Four, Stack Five, Renounce Religion


You were on level 3 of the Swamp.
You worshipped Nemelex Xobeh.
Nemelex Xobeh was extremely pleased with you.
You were hungry.

You visited 7 branches of the dungeon, and saw 25 of its levels.

You collected 2281 gold pieces.
You spent 1182 gold pieces at shops.

Inventory:

Hand weapons
 a - a +3,+3 dagger of draining (weapon)
 D - the +8,+9 falchion "Bavylan" {vamp, rF+}
   (You found it on level 4 of the Swamp)

   It inflicts no extra harm, but heals its wielder somewhat when it strikes a
   living foe.
   It protects you from fire.
 Q - a +2,+2 dagger of venom
Armour
 h - a +1 hat (worn)
 t - a +0 pair of gloves of dexterity (worn)
 v - a +0 cloak (worn)
 y - a +2 pair of boots (worn)
 F - the +0 robe "Groateawy" (worn) {Str+2 Dex+3 Acc+5}
   (You found it on level 2 of the Lair of Beasts)

   It affects your strength (+2).
   It affects your dexterity (+3).
   It affects your accuracy with ranged weapons and melee attacks (+5).
Magical devices
 q - a wand of slowing (8)
 r - a wand of confusion (7)
 B - a wand of polymorph (7)
 J - a wand of draining (2)
 P - a wand of lightning (0)
 Z - a wand of draining (1)
Comestibles
 f - 8 bread rations
 p - a rotting chunk of orc flesh
 w - a royal jelly
Scrolls
 g - a scroll of vulnerability {unknown}
 i - a scroll of magic mapping
 k - 13 scrolls of remove curse
 n - 5 scrolls of teleportation
 o - 2 scrolls of fog
 s - a scroll of fear
 C - a scroll of immolation
 K - 3 scrolls of identify
Jewellery
 e - a ring of magical power (right hand)
 u - a ring of ice (left hand)
 z - a +3 ring of strength
 X - an amulet of faith (around neck)
Potions
 b - 2 potions of haste
 l - 13 potions of curing
 x - 2 potions of brilliance
 I - 3 potions of might
 R - a potion of lignification
 T - 3 potions of agility
 V - a potion of berserk rage
Books
 c - a book of Maledictions

   Spells                             Type                      Level
   *Corona                            Hexes                        1
   *Sure Blade                        Hexes/Charms                 2
   *Ensorcelled Hibernation           Hexes/Ice                    2
   *Confuse                           Hexes                        3
   *Enslavement                       Hexes                        4
   Invisibility                       Hexes                        6
 d - a book of Beasts

   Spells                             Type                      Level
   *Summon Butterflies                Summoning                    1
   *Call Canine Familiar              Summoning                    3
   Summon Ice Beast                   Ice/Summoning                4
   Summon Mana Viper                  Hexes/Summoning              5
   Monstrous Menagerie                Summoning                    6
   Summon Hydra                       Summoning                    7
 j - a book of Control

   Spells                             Type                      Level
   Control Teleport                   Charms/Translocation         4
   Control Undead                     Necromancy                   4
   *Enslavement                       Hexes                        4
   *Metabolic Englaciation            Hexes/Ice                    5
   Mass Confusion                     Hexes                        6
 A - a book of Enchantments

   Spells                             Type                      Level
   *Cause Fear                        Hexes                        4
   Silence                            Hexes/Air                    5
   *Tukima's Dance                    Hexes                        5
   Deflect Missiles                   Charms/Air                   6
   Haste                              Charms                       6
   Discord                            Hexes                        8
Miscellaneous
 m - an ornate deck of dungeons {drawn: 1}
 E - a plain deck of escape {the Banshee, left: 4}
 G - an ornate deck of escape {Swap, left: 5}
 H - an ornate deck of summonings {drawn: 1}
 L - an ornate deck of destruction {drawn: 3}
 N - an ornate deck of destruction {drawn: 1}


   Skills:
 * Level 10.0 Fighting
 * Level 10.4 Short Blades
 - Level 0.8 Throwing
 * Level 9.4 Dodging
 + Level 10.9 Stealth
 * Level 11.7 Spellcasting
 * Level 11.4 Hexes
 + Level 6.1 Summonings
   Level 2.5 Translocations
 + Level 7.3 Ice Magic
 + Level 7.2 Evocations


You had 2 spell levels left.
You knew the following spells:

 Your Spells              Type           Power        Failure   Level  Hunger
a - Corona                Hex            ######.      1%          1    None
b - Ensorcelled Hibernat  Hex/Ice        ######       1%          2    None
c - Sure Blade            Hex/Chrm       #####.....   3%          2    None
d - Confuse               Hex            ######..     1%          3    None
e - Call Canine Familiar  Summ           #####...     4%          3    None
f - Enslavement           Hex            ######..     3%          4    ##.....
g - Leda's Liquefaction   Hex/Erth       #####.....   16%         4    ##.....
h - Summon Butterflies    Summ           #####...     2%          1    None
i - Cause Fear            Hex            ######....   3%          4    ##.....
j - Slow                  Hex            ######..     1%          2    None
k - Metabolic Englaciati  Hex/Ice        #######...   11%         5    ####...
l - Tukima's Dance        Hex            ######..     5%          5    ####...


Dungeon Overview and Level Annotations

Branches:
Dungeon (9/15)             Temple (1/1) D:4             Orc (4/4) D:9
    Elf (1/3) Orc:4          Lair (4/8) D:8           Swamp (4/5) Lair:4
 Spider (2/5) Lair:3

Altars:
Ashenzari
Cheibriados
Dithmenos
Elyvilon
Fedhas
Kikubaaqudgha
Makhleb
Nemelex Xobeh
Okawaru
Sif Muna
Trog
Vehumet
Xom
Yredelemnul
Zin
The Shining One
Beogh

Shops:
D:4 (   D:5 !   Orc:4 !}(}

Annotations:
Elf:1 Asterion
Spider:2 Arachne


Innate Abilities, Weirdness & Mutations

You are immune to rotting.
You have razor-sharp teeth.
You regenerate.
When hurt, damage is shared between your health and your magic reserves.
Your bite disrupts and absorbs the magic of your enemies.
Potions and wands cannot restore your HP.
You have a pair of small antennae on your head.
You have sharp fingernails.
You are agile. (Dex +2)
You have an increased reservoir of magic (+10% MP).
Your muscles are very strong. (Str +4)
Your spells are a little harder to cast, but a little more powerful.


Message History

Some deep water.
Use which ability? (? or * to list)
Okay, then.
Casting: Ensorcelled Hibernation
Confirm with . or Enter, or press ? or * to list all spells.
The shambling mangrove is unaffected.
The water moccasin looks frightened!
The shambling mangrove hits you!
* * * LOW HITPOINT WARNING * * *
Press: ? - help, v - describe, . - travel
Here: a shambling mangrove The floor.
Use which ability? (? or * to list) Draw from which deck? (? for menu, Esc to quit)
You draw Solitude.
The shambling mangrove blinks!
Tangled roots snake along the ground.
You enter the shallow water.
Moving in this stuff is going to be slow.
The shambling mangrove hits you!
You die...
Your body glows with a rainbow of weird colours and disappears.

.≈≈≈≈≈♣ ♣≈♣♣.≈≈≈≈.♣ ♣.....♣..≈≈.♣
..≈≈≈.♣ ♣♣♣♣..≈≈≈.♣♣♣≈≈≈...≈..≈♣♣
♣♣.≈..♣♣ ♣≈≈≈≈≈..≈♣≈..≈≈.≈♣≈.§♣
♣♣.≈≈≈.♣♣♣♣≈≈≈≈≈<..♣.≈....♣♣≈<.♣
.≈≈≈≈≈.≈.♣≈≈≈≈≈....♣≈≈..≈♣♣♣≈..♣
.≈≈≈≈≈..§≈♣.≈≈.≈...≈.≈.≈♣♣ ♣♣♣♣♣
.≈....≈≈P♣♣§.♣♣≈≈♣♣.≈≈..♣
≈≈≈≈≈≈.≈≈♣≈≈≈.≈.≈♣♣♣.≈.♣♣
≈≈≈≈≈≈.≈≈<≈≈≈.≈.@≈♣♣...≈♣
≈≈≈≈≈≈≈≈♣.≈≈...≈≈P.♣♣♣≈♣♣♣♣ ♣♣♣
≈....≈≈.♣♣≈..≈.§≈≈..♣♣♣♣♣≈♣♣♣≈♣♣
≈^≈≈≈≈..♣♣♣^..≈≈≈≈...§≈≈..≈♣..≈♣
♣.≈≈...♣♣♣....≈≈≈≈..>≈≈.≈.♣≈..♣♣
♣.....≈≈≈...♣.≈≈≈≈≈.≈≈.≈♣♣...≈♣
♣♣♣...≈≈......≈§≈≈.≈≈..♣♣.≈≈.≈♣♣♣
≈...≈.≈≈≈≈≈.≈≈≈≈≈≈≈..≈....≈≈.≈..≈
≈....≈≈≈≈≈≈.≈≈≈≈≈≈≈§..§≈....♣♣..♣


You could see a shambling mangrove.

Vanquished Creatures
  An orc warlord (Orc:4)
  Gastronok (Lair:1)
  Snorg (Lair:3)
  5 hydras
  Harold (Orc:4)
  Nessos (Swamp:2)
  2 shambling mangroves (Swamp:4)
  8 alligators
  A very ugly thing (Swamp:2)
  3 orc high priests (Orc:4)
  The ghost of teukkam the Sneak, an experienced DsMo (Lair:3)
  3 swamp dragons
  Erolcha (D:9)
  A deep elf summoner (Elf:1)
  2 orb spiders (Spider:1)
  Pikel (D:8)
  2 orc knights (Orc:4)
  9 orc sorcerers
  3 wolf spiders (Spider:1)
  A cyclops (Orc:4)
  An elephant (Lair:2)
  A black mamba (Lair:1)
  A vapour (Swamp:1)
  2 red wasps
  6 spiny frogs
  A jumping spider (Spider:1)
  5 komodo dragons
  A queen bee (Lair:2)
  2 giant fireflies (Swamp:3)
  A wandering mushroom (D:8)
  6 blink frogs
  An ogre mage (Orc:4)
  A two-headed ogre (Orc:4)
  8 slime creatures (Swamp:3)
  10 trolls
  7 baby alligators
  5 giant leeches
  4 ravens (Swamp:3)
  A red wasp zombie (Swamp:2)
  4 bog bodies
  2 redbacks (Spider:1)
  2 basilisks
  3 tarantellas (Spider:1)
  A centaur warrior (D:9)
  A shadow (Swamp:2)
  15 yaks
  Prince Ribbit (D:7)
  An ugly thing (D:8)
  Grum (Orc:2)
  8 vampire mosquitoes
  A deep elf fighter (Elf:1)
  9 wolves
  A hill giant skeleton (D:9)
  6 hippogriffs
  16 swamp worms
  4 wargs
  45 orc warriors
  2 spriggans
  29 spiders
  3 black bears
  6 porcupines
  A sky beast (D:5)
  A slave (D:8)
  7 swamp drakes
  14 water moccasins
  2 phantoms (D:6)
  13 ogres
  A yellow wasp (D:9)
  3 centaurs
  3 crocodiles
  3 giant goldfish
  2 big kobolds
  An ice beast (D:7)
  9 giant slugs
  7 giant frogs
  11 insubstantial wisps
  29 killer bees
  3 electric eels (Lair:4)
  3 crimson imps
  A giant frog skeleton (D:9)
  40 orc priests
  6 hounds
  A goliath beetle (Spider:2)
  A jelly (D:5)
  Crazy Yiuf (D:7)
  4 iguanas
  A quasit (D:5)
  A yellow wasp zombie (D:6)
  A big fish (Swamp:1)
  33 orc wizards
  6 worker ants
  A crocodile zombie (Swamp:2)
  A swamp drake zombie (Swamp:2)
  5 gnolls
  9 adders
  A big fish zombie (Swamp:2)
  16 green rats
  6 sheep (Lair:3)
  2 shadow imps
  12 white imps (Swamp:1)
  A giant mite (Lair:1)
  A gnoll skeleton (D:5)
  9 worms
  A giant eyeball (D:7)
  4 giant geckos
  An ooze (D:1)
  11 bats
  A bat zombie (D:6)
  3 giant cockroaches
  29 goblins
  27 hobgoblins
  23 jackals
  6 giant newts
  A hobgoblin skeleton (D:4)
  19 kobolds
  268 orcs
  2 orc skeletons
  9 quokkas
  16 rats
  2 fungi
969 creatures vanquished.

Vanquished Creatures (collateral kills)
  Aizul (Swamp:1)
  3 orc high priests (Orc:4)
  A necromancer (Swamp:2)
  3 elephants (Lair:2)
  A blink frog (Lair:2)
  A giant leech (Swamp:1)
  2 bog bodies (Swamp:1)
  A red wasp zombie (Swamp:2)
  3 yaks
  A swamp worm (Swamp:1)
  A swamp drake (Swamp:1)
  A centaur (D:7)
  An orc warrior (Orc:4)
  An ogre (Orc:4)
  A big kobold (D:7)
  A gnoll sergeant (D:9)
  A scorpion (D:7)
  3 orc priests
  A hound (Lair:1)
  2 orc wizards
  A crocodile zombie (Swamp:2)
  3 gnolls (D:9)
  An orc zombie (Orc:4)
  14 orcs
  A bat (Lair:1)
  A goblin (Orc:3)
  3 kobolds (D:7)
  2 rats (Lair:1)
  A fungus (Lair:2)
  A plant (Lair:2)
58 creatures vanquished.

Vanquished Creatures (others)
  A hydra (Swamp:1)
  2 dancing weapons (Swamp:1)
  A ball lightning (Swamp:3)
  A giant firefly (D:7)
  A neqoxec (Swamp:2)
  An ugly thing (Orc:4)
  2 wolves (Orc:4)
  A water moccasin (Swamp:1)
  2 black bears
  An iron imp (Swamp:2)
  5 hounds
  2 shadow imps
  2 white imps
  2 ufetubi
  An orc (Orc:1)
  An orc skeleton (Orc:4)
  2 fungi
28 creatures vanquished.

Grand Total: 1055 creatures vanquished

Notes
Turn   | Place    | Note
--------------------------------------------------------------
     0 | D:1      | Konstantin, the Vine Stalker Enchanter, began the quest for the Orb.
     0 | D:1      | Reached XP level 1. HP: 9/9 MP: 3/3
   265 | D:1      | Reached XP level 2. HP: 13/13 MP: 1/5
   324 | D:1      | Learned a level 2 spell: Ensorcelled Hibernation
   327 | D:1      | Learned a level 2 spell: Sure Blade
   856 | D:1      | Reached XP level 3. HP: 17/17 MP: 7/7
  1417 | D:2      | Reached skill level 1 in Short Blades
  1442 | D:2      | Reached skill level 1 in Fighting
  1791 | D:3      | Gained mutation: You have sharp fingernails. [potion of mutation]
  1791 | D:3      | Gained mutation: You evolve. [potion of mutation]
  1791 | D:3      | Gained mutation: Your spells are a little harder to cast, but a little more powerful. [potion of mutation]
  2016 | D:3      | Found a radiant altar of Vehumet.
  2285 | D:3      | Reached XP level 4. HP: 13/22 MP: 1/9
  2660 | D:3      | Reached XP level 5. HP: 19/25 MP: 3/13
  2694 | D:3      | Gained mutation: You have a somewhat thin skeletal structure (Dex +2, Stealth). [evolution]
  2865 | D:3      | Learned a level 3 spell: Confuse
  2868 | D:3      | Learned a level 2 spell: Blink
  3149 | D:3      | Identified a -1 rod of inaccuracy (14/14) (You found it on level 3 of the Dungeon)
  3606 | D:4      | Found a staircase to the Ecumenical Temple.
  3624 | Temple   | Entered the Ecumenical Temple
  3723 | D:4      | Found Shaysm's Antique Weapon Boutique.
  3732 | D:4      | Bought a runed dagger for 46 gold pieces
  4155 | D:5      | Entered Level 5 of the Dungeon
  4164 | D:5      | Reached skill level 4 in Hexes
  4164 | D:5      | Gained mutation: You heal very quickly. [vine stalker growth]
  4164 | D:5      | Reached XP level 6. HP: 30/30 MP: 15/15
  4409 | D:5      | Reached skill level 1 in Ice Magic
  4496 | D:5      | Found Ulitwunk's Distillery.
  4530 | D:5      | Bought 2 potions of magic for 143 gold pieces
  4582 | D:5      | Reached XP level 7. HP: 35/35 MP: 9/17
  4593 | D:5      | Gained mutation: Your muscles are strong. (Str +2) [evolution]
  4642 | D:5      | Noticed a sky beast
  4650 | D:5      | Killed a sky beast
  5285 | D:6      | Found a shadowy altar of Dithmenos.
  5287 | D:6      | Noticed a hippogriff
  5291 | D:6      | Killed a hippogriff
  5291 | D:6      | Gained mutation: You have razor-sharp teeth. [vine stalker growth]
  5291 | D:6      | Reached XP level 8. HP: 33/40 MP: 16/20
  5459 | D:6      | Learned a level 4 spell: Enslavement
  5611 | D:6      | Found a white marble altar of Elyvilon.
  5675 | D:6      | Reached skill level 5 in Hexes
  5776 | D:6      | Found a sparkling altar of Nemelex Xobeh.
  5811 | D:6      | Became a worshipper of Nemelex Xobeh the Trickster
  5823 | D:6      | Received a gift from Nemelex Xobeh
  5979 | D:7      | Reached skill level 5 in Stealth
  6164 | D:7      | Acquired Nemelex Xobeh's first power
  6196 | D:7      | Reached skill level 5 in Spellcasting
  6259 | D:7      | Noticed Prince Ribbit
  6274 | D:7      | Killed Prince Ribbit
  6355 | D:7      | Reached skill level 1 in Evocations
  6731 | D:7      | Reached XP level 9. HP: 40/45 MP: 15/23
  7028 | D:7      | Acquired Nemelex Xobeh's second power
  7344 | D:7      | Noticed Crazy Yiuf
  7350 | D:7      | Killed Crazy Yiuf
  7461 | D:8      | Noticed Pikel
  7622 | D:8      | Noticed a wandering mushroom
  7679 | D:8      | Killed a wandering mushroom
  7679 | D:8      | Reached skill level 1 in Translocations
  7771 | D:8      | Killed Pikel
  7771 | D:8      | Reached skill level 6 in Stealth
  7778 | D:8      | Received a gift from Nemelex Xobeh
  7858 | D:8      | Learned a level 4 spell: Leda's Liquefaction
  8166 | D:8      | Found a staircase to the Lair.
  8440 | Lair:1   | Entered Level 1 of the Lair of Beasts
  8440 | Lair:1   | Noticed a spiny frog
  8688 | D:9      | Reached XP level 10. HP: 33/51 MP: 16/25
  9007 | D:9      | Acquired Nemelex Xobeh's third power
  9171 | D:9      | Reached skill level 5 in Fighting
  9226 | D:9      | Noticed a centaur warrior
  9303 | D:9      | Killed a centaur warrior
  9400 | D:9      | Reached skill level 5 in Short Blades
  9494 | D:9      | Found a staircase to the Orcish Mines.
  9718 | D:9      | Found a roughly hewn altar of Beogh.
  9782 | D:9      | Received a gift from Nemelex Xobeh
  9816 | D:9      | Acquired Nemelex Xobeh's fourth power
 10198 | Lair:1   | Killed a spiny frog
 10198 | Lair:1   | Reached skill level 7 in Spellcasting
 10727 | Lair:1   | Learned a level 1 spell: Summon Butterflies
 10743 | Lair:1   | Learned a level 3 spell: Call Canine Familiar
 10781 | Lair:1   | Noticed a komodo dragon
 10790 | Lair:1   | Killed a komodo dragon
 10790 | Lair:1   | Reached skill level 5 in Dodging
 10827 | Lair:1   | Received a gift from Nemelex Xobeh
 10839 | Lair:1   | Reached XP level 11. HP: 56/56 MP: 19/28
 10842 | Lair:1   | Reached skill level 1 in Summonings
 11292 | Lair:1   | Noticed Gastronok
 11309 | Lair:1   | Gained mutation: Your muscles are very strong. (Str +4) [evolution]
 11348 | Lair:1   | Killed Gastronok
 11424 | Lair:1   | Noticed a komodo dragon
 11440 | Lair:1   | Killed a komodo dragon
 11492 | Lair:1   | Learned a level 4 spell: Cause Fear
 11893 | Orc:1    | Entered Level 1 of the Orcish Mines
 11899 | Orc:1    | Noticed Erolcha
 11907 | D:9      | Killed Erolcha
 12404 | Orc:1    | Received a gift from Nemelex Xobeh
 12681 | Orc:2    | Found a roughly hewn altar of Beogh.
 12796 | Orc:2    | Acquired Nemelex Xobeh's fifth power
 12823 | Orc:2    | Received a gift from Nemelex Xobeh
 13336 | Orc:3    | Reached skill level 8 in Spellcasting
 13493 | Orc:3    | Received a gift from Nemelex Xobeh
 14041 | Orc:4    | Entered Level 4 of the Orcish Mines
 14185 | Orc:3    | Received a gift from Nemelex Xobeh
 14646 | Orc:4    | Received a gift from Nemelex Xobeh
 14837 | Orc:4    | Received a gift from Nemelex Xobeh
 14907 | Orc:4    | Gained mutation: You regenerate. [vine stalker growth]
 14907 | Orc:4    | Reached XP level 12. HP: 62/62 MP: 27/29
 14999 | Orc:4    | Received a gift from Nemelex Xobeh
 15533 | Orc:2    | Received a gift from Nemelex Xobeh
 15555 | Orc:2    | Found Iwew's Distillery.
 15557 | Orc:2    | Gained mutation: You have a pair of small antennae on your head. [evolution]
 15576 | Orc:2    | Bought a potion of lignification for 30 gold pieces
 15576 | Orc:2    | Bought 2 potions of curing for 60 gold pieces
 15576 | Orc:2    | Bought a potion of might for 37 gold pieces
 15576 | Orc:2    | Bought a potion of curing for 30 gold pieces
 15576 | Orc:2    | Bought a potion of curing for 30 gold pieces
 15576 | Orc:2    | Bought a potion of resistance for 105 gold pieces
 15576 | Orc:2    | Bought a potion of brilliance for 37 gold pieces
 15724 | Lair:1   | Learned a level 2 spell: Slow
 15896 | Orc:2    | Received a gift from Nemelex Xobeh
 15990 | Orc:1    | Noticed Grum
 16028 | Orc:2    | Killed Grum
 16578 | Orc:4    | Received a gift from Nemelex Xobeh
 16773 | Orc:4    | Received a gift from Nemelex Xobeh
 16815 | Orc:4    | Found a roughly hewn altar of Beogh.
 16900 | Orc:4    | Found Dewnee's Gadget Emporium.
 16900 | Orc:4    | Noticed an ogre mage
 16904 | Orc:4    | Reached skill level 9 in Stealth
 16904 | Orc:4    | Reached skill level 5 in Ice Magic
 16904 | Orc:4    | Reached skill level 5 in Evocations
 16904 | Orc:4    | Reached XP level 13. HP: 49/68 MP: 21/32
 16921 | Orc:4    | Killed an ogre mage
 17042 | Orc:4    | Found Mosaxt's Weapon Shoppe.
 17096 | Orc:4    | Received a gift from Nemelex Xobeh
 17157 | Orc:4    | Noticed an orc knight
 17157 | Orc:4    | Noticed an orc knight
 17172 | Orc:4    | Killed an orc knight
 17174 | Orc:4    | Killed an orc knight
 17215 | Orc:4    | Received a gift from Nemelex Xobeh
 17694 | Orc:4    | Learned a level 5 spell: Metabolic Englaciation
 18018 | Orc:4    | Found a staircase to the Elven Halls.
 18285 | Orc:4    | Received a gift from Nemelex Xobeh
 18304 | Orc:4    | Reached skill level 10 in Spellcasting
 18373 | Orc:4    | Noticed an orc warlord
 18375 | Orc:4    | Lost mutation: You have a somewhat thin skeletal structure (Dex +2, Stealth). [helix card]
 18432 | Orc:4    | Noticed Harold
 18438 | Orc:4    | Killed Harold
 18442 | Orc:4    | HP: 2/69 [orc warlord/flail (26)]
 18944 | Orc:4    | Found a roughly hewn altar of Beogh.
 18948 | Orc:4    | Received a gift from Nemelex Xobeh
 18952 | Orc:4    | Killed an orc warlord
 19045 | Orc:4    | Found Wunis' Distillery.
 19050 | Orc:4    | Noticed an orc high priest
 19156 | Orc:4    | Killed an orc high priest
 19158 | Orc:4    | Reached skill level 10 in Hexes
 19193 | Orc:4    | Received a gift from Nemelex Xobeh
 19322 | Orc:4    | Bought 2 potions of agility for 65 gold pieces
 19322 | Orc:4    | Bought 2 potions of invisibility for 143 gold pieces
 19322 | Orc:4    | Bought a potion of brilliance for 32 gold pieces
 19322 | Orc:4    | Bought a potion of berserk rage for 39 gold pieces
 19322 | Orc:4    | Bought a potion of curing for 26 gold pieces
 19337 | Orc:4    | Noticed an orc high priest
 19345 | Orc:4    | Killed an orc high priest
 19358 | Orc:4    | Noticed an orc high priest
 19365 | Orc:4    | Killed an orc high priest
 19395 | Orc:4    | Received a gift from Nemelex Xobeh
 19465 | Orc:4    | Noticed an orc high priest
 19471 | Orc:4    | Found Adwi's Gadget Shoppe.
 19477 | Orc:4    | Killed an orc high priest
 19556 | Orc:4    | Noticed an orc high priest
 19560 | Orc:4    | Noticed an orc high priest
 19561 | Orc:4    | Received a gift from Nemelex Xobeh
 19569 | Orc:4    | Killed an orc high priest
 19572 | Orc:4    | Killed an orc high priest
 19745 | Orc:4    | Bought a potion of flight for 39 gold pieces
 19938 | Elf:1    | Entered Level 1 of the Elven Halls
 20054 | Elf:1    | Noticed Asterion
 20378 | Lair:2   | Reached XP level 14. HP: 74/74 MP: 31/33
 20799 | Lair:2   | Received a gift from Nemelex Xobeh
 21035 | Lair:2   | Got a crude robe
 21041 | Lair:2   | Identified the cursed +0 robe "Groateawy" {Str+2 Dex+3 Acc+5} (You found it on level 2 of the Lair of Beasts)
 21391 | Lair:2   | Received a gift from Nemelex Xobeh
 21808 | Lair:3   | Noticed Snorg
 21821 | Lair:3   | Killed Snorg
 21857 | Lair:3   | Found a hole to the Spider Nest.
 22058 | Lair:3   | Noticed teukkam's ghost (experienced DsMo)
 22064 | Lair:3   | Killed teukkam's ghost
 22529 | Lair:3   | Received a gift from Nemelex Xobeh
 22826 | Lair:3   | Gained mutation: You have an increased reservoir of magic (+10% MP). [evolution]
 22867 | Spider:1 | Entered Level 1 of the Spider Nest
 23059 | Spider:1 | Reached skill level 5 in Summonings
 23125 | Spider:1 | Reached skill level 10 in Stealth
 23213 | Spider:1 | Received a gift from Nemelex Xobeh
 23775 | Spider:2 | Noticed Arachne
 23982 | Lair:4   | Found a staircase to the Swamp.
 24696 | Lair:4   | Received a gift from Nemelex Xobeh
 25275 | Swamp:1  | Entered Level 1 of the Swamp
 25442 | Swamp:1  | Reached skill level 11 in Spellcasting
 25590 | Swamp:1  | Noticed Aizul
 25612 | Swamp:1  | Received a gift from Nemelex Xobeh
 25823 | Swamp:1  | Upgraded the game from 0.14.1-18-g0856e53 to 0.14.1-19-g9964f44
 25841 | Swamp:1  | Killed Aizul
 26855 | Swamp:2  | Reached XP level 15. HP: 79/79 MP: 32/37
 27419 | Swamp:2  | Noticed Nessos
 27427 | Swamp:2  | Killed Nessos
 27432 | Swamp:2  | Received a gift from Nemelex Xobeh
 27666 | Swamp:2  | Lost mutation: You evolve. [helix card]
 27666 | Swamp:2  | Gained mutation: You are agile. (Dex +2) [helix card]
 28349 | Swamp:3  | Received a gift from Nemelex Xobeh
 29036 | Swamp:3  | Reached skill level 10 in Short Blades
 29072 | Swamp:3  | Reached XP level 16. HP: 83/85 MP: 39/39
 29495 | Swamp:3  | Reached skill level 10 in Fighting
 29678 | Lair:4   | Learned a level 5 spell: Tukima's Dance
 29861 | Swamp:4  | Paralysed by a red wasp for 1 turns
 29865 | Swamp:4  | Paralysed by a red wasp for 2 turns
 29870 | Swamp:4  | Paralysed by a red wasp for 1 turns
 29871 | Swamp:3  | HP: 3/85 [poisoned by a red wasp]
 29876 | Swamp:3  | HP: 2/85 [poisoned by a red wasp]
 29881 | Swamp:3  | HP: 2/85 [poisoned by a red wasp]
 29886 | Swamp:3  | HP: 3/85 [poisoned by a red wasp]
 30053 | Swamp:4  | Got a twisted falchion
 30054 | Swamp:4  | Identified the +8,+9 falchion "Bavylan" {vamp, rF+} (You found it on level 4 of the Swamp)
 30839 | Orc:4    | Bought an ornate deck of dungeons for 320 gold pieces
 31206 | Swamp:3  | Annihilated by a shambling mangrove

Action                   |  1- 3 |  4- 6 |  7- 9 | 10-12 | 13-15 | 16-18 || total
-------------------------+-------+-------+-------+-------+-------+-------++-------
Melee: Dagger            |   101 |    85 |   242 |   543 |   747 |    87 ||  1805
       Rod               |       |       |       |     1 |       |       ||     1
 Cast: Corona            |    10 |       |     4 |     5 |       |       ||    19
       Ensorcelled Hiber |    14 |    18 |    44 |   157 |   293 |    27 ||   553
       Sure Blade        |     2 |       |     3 |     4 |     1 |       ||    10
       Confuse           |       |     2 |    13 |    14 |    26 |       ||    55
       Enslavement       |       |       |     7 |     6 |       |       ||    13
       Leda's Liquefacti |       |       |       |     5 |       |       ||     5
       Call Canine Famil |       |       |       |     6 |     5 |       ||    11
       Summon Butterflie |       |       |       |     1 |       |       ||     1
       Metabolic Englaci |       |       |       |       |     3 |       ||     3
       Tukima's Dance    |       |       |       |       |       |     2 ||     2
       Cause Fear        |       |       |       |       |       |     1 ||     1
Invok: Draw One          |       |       |     3 |    18 |    57 |     7 ||    85
       Peek at Two       |       |       |     1 |    13 |    15 |       ||    29
       Triple Draw       |       |       |       |     2 |    10 |     1 ||    13
       Deal Four         |       |       |       |     1 |     2 |       ||     3
       Stack Five        |       |       |       |       |     1 |     2 ||     3
Evoke: Rod               |       |     4 |     8 |     1 |       |       ||    13
       Wand              |       |     1 |     5 |    36 |    49 |     4 ||    95
       Deck              |       |       |     1 |       |       |       ||     1
  Use: Scroll            |     7 |     2 |    12 |     6 |    16 |     2 ||    45
       Potion            |     1 |     1 |     1 |     1 |     8 |     3 ||    15
 Stab: Sleeping          |    10 |    14 |    36 |   112 |   191 |    17 ||   380
       Paralysed         |       |     1 |       |     5 |     1 |       ||     7
       Distracted        |       |     1 |       |     1 |     5 |       ||     7
       Confused          |       |     2 |     3 |     4 |    10 |       ||    19
